 Dungeon Crawl Stone Soup version 0.22-a0-422-g9628fc8 (webtiles) character file.

6175 Firecrotchwizard the Thaumaturge (level 10, -2/56 HPs)
             Began as a Deep Elf Fire Elementalist on May 22, 2018.
             Was a Believer of Vehumet.
             Slain by a yak (13 damage)
             ... on level 10 of the Dungeon.
             The game lasted 00:36:57 (14035 turns).

Firecrotchwizard the Thaumaturge (DEFE)            Turns: 14035, Time: 00:36:58

Health: -2/56      AC:  7    Str: 11    XL:     10   Next: 60%
Magic:  12/26      EV: 16    Int: 24    God:    Vehumet [**....]
Gold:   478        SH:  0    Dex: 15    Spells: 16/29 levels left

rFire    . . .     SeeInvis .   J - +1 whip (elec)
rCold    . . .     Gourm    .   (no shield)
rNeg     . . .     Faith    .   B - +1 robe of Egalitarianism {Str+6}
rPois    .         Spirit   .   u - +2 helmet
rElec    .         Reflect  .   (no cloak)
rCorr    .         Harm     .   (no gloves)
MR       +....                  (no boots)
Stlth    +++.......             l - amulet of the acrobat
HPRegen  0.18/turn              F - +1 ring of protection
MPRegen  0.20/turn              D - ring of stealth {Stlth+}

@: studying Throwing
A: no striking features
a: Renounce Religion


You were on level 10 of the Dungeon.
You worshipped Vehumet.
Vehumet was pleased with you.
You were not hungry.

You visited 2 branches of the dungeon, and saw 11 of its levels.

You collected 478 gold pieces.

Inventory:

Hand Weapons
 q - a +2 quarterstaff of speed
   (You found it on level 3 of the Dungeon)
 J - a +1 whip of electrocution (weapon)
   (You took it off Pikel on level 9 of the Dungeon)
Armour
 a - a +2 robe
 u - a +2 helmet (worn)
   (You found it on level 5 of the Dungeon)
 B - the +1 robe of Egalitarianism (worn) {Str+6}
   (You found it on level 4 of the Dungeon)

   It affects your strength (+6).
Magical Staves
 I - an uncursed staff of power {MP+17, !a}
   (You found it on level 9 of the Dungeon)
Jewellery
 l - an amulet of the acrobat (around neck)
   (You found it on level 2 of the Dungeon)
 m - an uncursed ring of protection from magic {MR+, !d}
   (You found it on level 2 of the Dungeon)
 o - an uncursed ring of protection from magic {MR+, !d}
   (You took it off a centaur on level 8 of the Dungeon)
 D - a ring of stealth (right hand) {Stlth+}
   (You found it on level 7 of the Dungeon)
 F - a +1 ring of protection (left hand)
   (You found it on level 9 of the Dungeon)
Wands
 v - a wand of disintegration (29) {@e1}
   (You found it on level 3 of the Dungeon)
 y - a wand of iceblast (10)
   (You found it on level 8 of the Dungeon)
Scrolls
 b - 3 scrolls of magic mapping {!r}
 d - 5 scrolls of fear
 e - 8 scrolls of remove curse
 f - a scroll of blinking {!r}
 j - 2 scrolls of identify
 t - 2 scrolls of teleportation
 w - 2 scrolls of amnesia
 x - a scroll of enchant armour
 H - a scroll of enchant weapon
Potions
 g - 3 potions of agility
 h - a potion of experience {unknown}
 i - 2 potions of invisibility
 k - a potion of cancellation {unknown}
 n - a potion of mutation {unknown}
 p - 2 potions of brilliance
 r - 2 potions of haste {unknown}
 s - 4 potions of curing
 z - 2 potions of flight {unknown}
 A - 2 potions of heal wounds
 C - 2 potions of might {unknown}
 E - 2 potions of berserk rage {unknown}
Books
 G - a manual of Throwing {!d}
   (You found it on level 9 of the Dungeon)
Comestibles
 c - 17 rations {@e1}


   Skills:
 + Level 4.0 Fighting
 - Level 3.4 Staves
 + Level 2.5 Armour
 + Level 6.5 Dodging
 - Level 2.4 Stealth
 - Level 10.3 Spellcasting
 - Level 9.0 Conjurations
 - Level 9.0 Fire Magic


You had 16 spell levels left.
You knew the following spells:

 Your Spells              Type           Power        Failure   Level  Hunger
a - Flame Tongue          Conj/Fire      #####        1%          1    None
c - Conjure Flame         Conj/Fire      ######..     1%          3    None
f - Fireball              Conj/Fire      ######....   3%          5    ####...
s - Sticky Flame          Conj/Fire      ######..     1%          4    #......

Your spell library contained the following spells:

 Spells                   Type           Power        Failure   Level  Hunger
 Throw Flame              Conj/Fire      ######       1%          2    None
 Inner Flame              Hex/Fire       ####....     2%          3    None


Dungeon Overview and Level Annotations

Branches:
Dungeon (10/15)            Temple (1/1) D:5            Lair (0/6) D:9
    Orc: D:9-12

Altars:
Elyvilon
Gozag
Makhleb
Qazlal
Sif Muna
Vehumet
Xom
Yredelemnul
Zin
The Shining One

Annotations:
D:4 exclusions: orc, orc priest, orc wizard and sky beast, Robin
D:9 exclusion: troll


Message History

You now have 25/26 mp.
Aim: a yak The flame tongue hits the yak.
A yak comes into view.
Aim: a yak (moderately wounded)
The sticky flame hits the yak.
The yak is covered in liquid flames!
The yak burns!
The yak misses you.
You now have 21/26 mp.
The yak burns!
The yak burns!
The yak burns!
The yak burns!
You kill the yak!
Vehumet accepts your kill.
Vehumet offers you knowledge of Stone Arrow.
You feel your power returning.
Your Dodging skill increases to level 6!
You regained 3 mp, and now have 24/26 mp.
Aim: a yak (lightly wounded)
The flame tongue hits the yak.
You now have 23/26 mp.
Aim: a yak (lightly wounded)
The sticky flame hits the yak.
The yak is covered in liquid flames!
The yak burns!
The yak misses you.
You now have 19/26 mp.
You hit the yak.
The yak burns!
The yak barely misses you.
You hit the yak. Lightning courses through the yak!
You kill the yak!
Vehumet accepts your kill.
You feel your power returning.
Your Armour skill increases to level 2!
You regained 2 mp, and now have 21/26 mp.
Aim: a yak The sticky flame hits the yak.
The yak is covered in liquid flames!
The yak burns!
The yak gores you!
You take 7 damage, and have 49/56 hp.
You now have 18/26 mp.
You hit the yak but do no damage.
The yak burns!
The yak closely misses you.
You hit the yak but do no damage. Lightning courses through the yak!
The yak burns!
The yak gores you but does no damage.
You hit the yak but do no damage.
The yak burns!
The yak gores you but does no damage.
You hit the yak.
You kill the yak!
Vehumet accepts your kill.
You feel your power returning.
You regained 2 mp, and now have 20/26 mp.
Aim: a yak The sticky flame hits the yak.
The yak is covered in liquid flames!
The yak burns!
The yak completely misses you.
You now have 17/26 mp.
You hit the yak.
The yak burns!
The yak gores you.
You take 3 damage, and have 47/56 hp.
You hit the yak.
The yak burns!
The yak gores you.
You take 4 damage, and have 43/56 hp.
You barely miss the yak.
The yak burns!
The yak misses you.
You hit the yak.
The yak burns!
The yak stops burning.
The yak barely misses you. x2
You hit the yak. Lightning courses through the yak!
You kill the yak!
Vehumet accepts your kill.
You feel your power returning.
You regained 4 mp, and now have 21/26 mp.
Aim: a yak The sticky flame hits the yak.
The yak is covered in liquid flames!
You hear a bellow!
The yak burns!
The yak gores you but does no damage.
You hear a bellow!
You now have 17/26 mp.
You hit the yak. Lightning courses through the yak!
You hear a bellow!
The yak burns!
The yak barely misses you.
You hear a bellow!
You hit the yak but do no damage.
The yak burns!
The yak gores you.
You take 3 damage, and have 41/56 hp.
You hit the yak.
The yak burns!
The yak stops burning.
The yak barely misses you.
You barely miss the yak. The yak gores you!
You take 13 damage, and have 28/56 hp.
MASSIVE DAMAGE!!
Aim: a yak (almost dead)
The flame tongue hits the yak.
The yak gores you!
You take 9 damage, and have 19/56 hp.
You now have 17/26 mp.
Aim: a yak (almost dead)
The flame tongue hits the yak.
You kill the yak!
Vehumet accepts your kill.
You feel your power returning.
Your Fighting skill increases to level 4!
Aim: a yak The sticky flame hits the yak.
The yak is covered in liquid flames!
The yak burns!
The yak closely misses you.
A yak comes into view.
You now have 13/26 mp.
Aim: a yak (lightly wounded, covered in liquid flames)
The flame tongue hits the yak.
The yak burns!
The yak gores you!
* * * LOW HITPOINT WARNING * * *
You take 8 damage, and have 11/56 hp.
You now have 12/26 mp.
Aim: a yak (heavily wounded, covered in liquid flames)
The flame tongue hits the yak.
The yak burns!
The yak gores you!
You die...

... #Y# ...
#######Y####.#
#.............#
#.#......#### #.
#.#.......YY#
#..##.#...#####Y#
.>......#.#.###@#
#....#.#.....#
##.#.#.##### ###
#<.....# ...
#....### .#
#......# .
####.#.# #.#.#
#.# #


You could see 3 yaks.

Vanquished Creatures
  Pikel (D:9)
  The ghost of Yurtisuma the Ducker, a novice OpFi (D:6)
  An elephant (D:9)
  A troll (D:9)
  A hippogriff (D:8)
  5 yaks (D:10)
  A hungry ghost (D:8)
  2 sky beasts
  2 ice beasts
  7 ogres
  A slave (D:9)
  4 centaurs
  A big kobold (D:9)
  2 crocodiles
  5 bullfrogs
  A water moccasin zombie (D:5)
  6 scorpions
  7 crimson imps
  A bullfrog zombie (D:7)
  2 quasits
  4 orc wizards
  3 orc priests
  3 hounds
  7 jellies
  3 bullfrog skeletons
  3 iguanas
  10 worker ants
  5 hound zombies
  A hound skeleton (D:5)
  A worker ant zombie (D:6)
  5 gnolls
  8 adders
  2 shadow imps
  8 oozes
  An adder skeleton (D:7)
  5 worms
  2 dart slugs
  4 leopard geckos
  33 orcs
  3 ball pythons
  16 bats
  A giant cockroach (D:3)
  14 goblins
  6 hobgoblins
  12 jackals
  3 quokkas
  5 frilled lizards
  A jackal zombie (D:5)
  10 kobolds
  A quokka skeleton (D:6)
  5 rats
237 creatures vanquished.

Notes
Turn   | Place    | Note
-------+----------+-------------------------------------------
     0 | D:1      | Firecrotchwizard the Deep Elf Fire Elementalist began the quest for the Orb.
     0 | D:1      | Reached XP level 1. HP: 10/10 MP: 6/6
     6 | D:1      | Found a shimmering altar of Xom.
   113 | D:1      | Reached XP level 2. HP: 15/15 MP: 4/8
   244 | D:1      | Reached skill level 2 in Conjurations
   841 | D:1      | Reached XP level 3. HP: 19/19 MP: 3/10
  1402 | D:2      | Reached skill level 3 in Conjurations
  1665 | D:2      | Reached skill level 4 in Spellcasting
  1665 | D:2      | Reached skill level 4 in Fire Magic
  1665 | D:2      | Reached XP level 4. HP: 19/24 MP: 6/12
  1741 | D:2      | Learned a level 3 spell: Conjure Flame
  1746 | D:2      | Learned a level 4 spell: Sticky Flame
  2578 | D:3      | Reached XP level 5. HP: 28/28 MP: 9/13
  2582 | D:3      | Reached skill level 4 in Conjurations
  3195 | D:3      | Found an opulent altar of Gozag.
  3843 | D:4      | Noticed a sky beast
  3882 | D:4      | Got a colourful robe
  3893 | D:4      | Identified the +1 robe of Egalitarianism {Str+6} (You found it on level 4 of the Dungeon)
  3969 | D:4      | Noticed an ogre
  4025 | D:3      | HP: 10/42 [poisoned by a worker ant]
  4031 | D:3      | HP: 8/42 [poisoned by a worker ant]
  4037 | D:3      | HP: 7/42 [poisoned by a worker ant]
  4045 | D:3      | HP: 6/42 [poisoned by a worker ant]
  4626 | D:4      | Noticed Robin
  4674 | D:4      | Killed an ogre
  4674 | D:4      | Reached skill level 5 in Spellcasting
  4674 | D:4      | Reached XP level 6. HP: 32/32 MP: 6/15
  5182 | D:4      | Reached skill level 5 in Conjurations
  5182 | D:4      | Reached skill level 5 in Fire Magic
  5364 | D:4      | Found a glowing silver altar of Zin.
  5364 | D:4      | Found a shimmering altar of Xom.
  5364 | D:4      | Noticed an angel
  6357 | D:4      | Reached XP level 7. HP: 36/36 MP: 10/17
  6362 | D:4      | Reached skill level 6 in Spellcasting
  6476 | D:5      | Entered Level 5 of the Dungeon
  7026 | D:5      | Reached skill level 6 in Fire Magic
  7058 | D:5      | Reached skill level 6 in Conjurations
  7184 | D:5      | Found a staircase to the Ecumenical Temple.
  7198 | D:5      | Reached skill level 7 in Spellcasting
  7215 | Temple   | Entered the Ecumenical Temple
  7225 | Temple   | Became a worshipper of Vehumet
  7371 | D:5      | Learned a level 5 spell: Fireball
  7586 | D:5      | Reached XP level 8. HP: 18/41 MP: 14/20
  8325 | D:6      | Noticed Yurtisuma's ghost (novice OpFi)
  8648 | D:6      | Reached skill level 8 in Spellcasting
  8648 | D:6      | Reached skill level 7 in Conjurations
  8648 | D:6      | Reached skill level 7 in Fire Magic
  8915 | D:6      | Got a fine leather armour
  8985 | D:6      | Found a stormy altar of Qazlal.
  9028 | D:6      | Reached * piety under Vehumet
  9028 | D:6      | Offered knowledge of Sandblast by Vehumet.
  9357 | D:6      | Killed Yurtisuma's ghost
  9357 | D:6      | Reached skill level 9 in Spellcasting
  9357 | D:6      | Reached skill level 8 in Conjurations
  9357 | D:6      | Reached skill level 8 in Fire Magic
  9357 | D:6      | Reached XP level 9. HP: 39/45 MP: 11/24
 10051 | D:7      | Identified the +0 leather armour of the Valley of Death {+Inv rC++ Int-2} (You found it on level 6 of the Dungeon)
 10126 | D:7      | Found a deep blue altar of Sif Muna.
 10875 | D:8      | Reached skill level 10 in Spellcasting
 11318 | D:8      | Reached skill level 9 in Conjurations
 11318 | D:8      | Reached skill level 9 in Fire Magic
 11389 | D:8      | Found a white marble altar of Elyvilon.
 11445 | D:8      | Found a basalt altar of Yredelemnul.
 11937 | D:9      | Noticed a troll
 11960 | D:9      | Reached skill level 1 in Staves
 12067 | D:9      | Found a staircase to the Lair.
 12067 | D:9      | Noticed an elephant
 12118 | D:9      | Reached skill level 1 in Fighting
 12118 | D:9      | Reached skill level 3 in Dodging
 12212 | D:9      | Offered knowledge of Sting by Vehumet.
 12345 | D:9      | Reached skill level 2 in Staves
 12354 | D:9      | Reached ** piety under Vehumet
 12489 | D:9      | Reached skill level 4 in Dodging
 12558 | D:9      | Noticed Pikel
 12783 | D:9      | Killed a troll
 12783 | D:9      | Reached skill level 2 in Fighting
 12783 | D:9      | Reached XP level 10. HP: 49/53 MP: 26/26
 13139 | D:9      | Reached skill level 3 in Staves
 13348 | D:9      | Killed an elephant
 13348 | D:9      | Reached skill level 5 in Dodging
 13470 | D:9      | Reached skill level 3 in Fighting
 13705 | D:10     | Entered Level 10 of the Dungeon
 13718 | D:10     | Reached skill level 1 in Armour
 13958 | D:9      | Killed Pikel
 14010 | D:10     | Offered knowledge of Stone Arrow by Vehumet.
 14010 | D:10     | Reached skill level 6 in Dodging
 14014 | D:10     | Reached skill level 2 in Armour
 14032 | D:10     | Reached skill level 4 in Fighting
 14034 | D:10     | HP: 11/56 [yak (8)]
 14035 | D:10     | Slain by a yak

Vault maps used:
D:1:      minmay_arrival_up_and_down, xom_teletrap_fun
D:2:      minivault_14
D:3:      minmay_door_path, lemuel_doored_altar, first_ration
D:4:      grunt_temple_overflow_order_and_chaos_1, uniq_robin
D:5:      temple_pool_b
D:6:      nicolae_overflow_hidden_temple, serial_bayou_pond_e
D:7:      basic_altar
D:8:      kennysheep_ying_yang
D:9:      david_lair_generic, hangedman_little_slice_of_home, st_stairs_12,
          uniq_pikel
D:10:     minmay_gate_of_8
Temple:   nicolae_temple_elliptical

Skill      XL: |  1  2  3  4  5  6  7  8  9 10 |
---------------+-------------------------------+-----
Conjurations   | 2 3 4 5 6 8 9 |  9.0
Spellcasting   | 4 5 7 9 10 | 10.3
Fire Magic     | 4 5 6 8 9 |  9.0
Staves         | 2 3 |  3.4
Fighting       | 2 4 |  4.0
Dodging        | 4 6 |  6.5
Armour         | 2 |  2.5
Stealth        | |  2.4

Action                   |  1- 3 |  4- 6 |  7- 9 | 10-12 || total
-------------------------+-------+-------+-------+-------++-------
Melee: Unarmed           |     5 |       |       |       ||     5
       Dagger            |       |    18 |       |       ||    18
       Quarterstaff      |       |   116 |   199 |       ||   315
       Whip              |       |       |       |    15 ||    15
 Cast: Flame Tongue      |    69 |   103 |   205 |    79 ||   456
       Sticky Flame      |       |     2 |    24 |    12 ||    38
       Conjure Flame     |       |       |     3 |       ||     3
       Fireball          |       |       |     2 |       ||     2
Evoke: Wand              |       |       |       |     3 ||     3
  Use: Scroll            |       |    11 |     8 |       ||    19
       Potion            |       |     1 |     1 |       ||     2
 Stab: Sleeping          |       |     4 |     6 |       ||    10
       Distracted        |       |     1 |       |       ||     1
  Eat: Chunk             |     2 |    10 |    18 |       ||    30
       Ration            |       |     1 |     2 |     2 ||     5
Armor: Robe              |    14 |    34 |    56 |    18 ||   122
Dodge: Dodged            |    25 |   165 |   172 |    55 ||   417

Table legend:
 A = Spawn XP
 B = Non-spawn XP
 C = Spawn XP percentage of total XP
 D = Spawn monster count
 E = Non-spawn monster count
 F = Spawn count percentage of total count
 G = Total turns spent on level
                    A         B        C        D         E        F      G
               +---------+---------+-------+---------+---------+-------+---------
         Total |       0 |    8822 |   0.0 |       0 |     236 |   0.0 | 14035
               +---------+---------+-------+---------+---------+-------+---------
           D:1 |       0 |      49 |   0.0 |       0 |      14 |   0.0 |  1160
           D:2 |       0 |     135 |   0.0 |       0 |      29 |   0.0 |  1233
           D:3 |       0 |     147 |   0.0 |       0 |      31 |   0.0 |  2168
           D:4 |       0 |     502 |   0.0 |       0 |      36 |   0.0 |  1915
           D:5 |       0 |     769 |   0.0 |       0 |      31 |   0.0 |  1806
           D:6 |       0 |    1452 |   0.0 |       0 |      22 |   0.0 |  1357
           D:7 |       0 |     508 |   0.0 |       0 |      14 |   0.0 |  1026
           D:8 |       0 |    1283 |   0.0 |       0 |      19 |   0.0 |  1750
           D:9 |       0 |    2765 |   0.0 |       0 |      31 |   0.0 |  1516
          D:10 |       0 |    1212 |   0.0 |       0 |       9 |   0.0 |    83
               +---------+---------+-------+---------+---------+-------+---------

Vault maps used:
D:1:      minmay_arrival_up_and_down, xom_teletrap_fun
D:2:      minivault_14
D:3:      minmay_door_path, lemuel_doored_altar, first_ration
D:4:      grunt_temple_overflow_order_and_chaos_1, uniq_robin
D:5:      temple_pool_b
D:6:      nicolae_overflow_hidden_temple, serial_bayou_pond_e
D:7:      basic_altar
D:8:      kennysheep_ying_yang
D:9:      david_lair_generic, hangedman_little_slice_of_home, st_stairs_12,
          uniq_pikel
D:10:     minmay_gate_of_8
Temple:   nicolae_temple_elliptical

Table legend:
 A = Turns spent in this place as a percentage of turns spent in the entire game.
 B = Non-inter-level travel turns spent in this place as a percentage of non-inter-level travel turns spent in the entire game.
 C = Inter-level travel turns spent in this place as a percentage of turns spent in this place.
 D = Turns resting spent in this place as a percentage of non-inter-level travel turns spent in this place.
 E = Turns spent auto-exploring this place as a percentage of non-inter-level travel turns spent in this place.
 F = Non-inter-level travel turns spent in this place divided by the number of levels of this place that you've seen.
                   A       B       C       D       E      F
               +-------+-------+-------+-------+-------+----------------------
         Total | 100.0 | 100.0 |   4.3 |  37.7 |  45.5 | 1220.5
       Dungeon |  99.9 |  99.9 |   4.3 |  37.7 |  45.5 | 1341.5
        Temple |   0.1 |   0.1 |  47.6 |   0.0 |  72.7 |  11.0
               +-------+-------+-------+-------+-------+----------------------

Table legend:
 A = Kills in this place as a percentage of kills in entire the game.
 B = Kills by you in this place as a percentage of kills by you in the entire game.
 C = Kills by friends in this place as a percentage of kills by friends in the entire game.
 D = Other kills in this place as a percentage of other kills in the entire game.
 E = Experience gained in this place as a percentage of experience gained in the entire game.
 F = Experience gained in this place divided by the number of levels of this place that you have seen.
                   A       B       C       D       E      F
               +-------+-------+-------+-------+-------+----------------------
         Total | 100.0 | 100.0 |   N/A |   N/A | 100.0 | 802.0
       Dungeon | 100.0 | 100.0 |   N/A |   N/A | 100.0 | 882.2
               +-------+-------+-------+-------+-------+----------------------
